 Seeded DCSS version 0.27.1-34-g3ba077fa99 (webtiles) character file.

Game seed: 13309549622081739099 (custom seed)

4378 hikkokomori the Carver (level 10, -20/96 HPs)
             Began as a Minotaur Berserker on Feb 2, 2022.
             Was an Elder of Trog.
             Demolished by a large slime creature (28 damage)
             ... on level 7 of the Dungeon.
             The game lasted 00:11:37 (7586 turns).

hikkokomori the Carver (Minotaur Berserker)         Turns: 7586, Time: 00:11:38

Health: -20/96     AC: 14    Str: 28    XL:     10   Next: 13%
Magic:  9/9        EV:  9    Int:  4    God:    Trog [****..]
Gold:   299        SH:  0    Dex: 13    Spells: 9/9 levels left

rFire    . . .     SeeInvis .   v - +8 autumn katana {vorpal, Clar}
rCold    . . .     Faith    .   (no shield)
rNeg     . . .     Spirit   .   H - +0 plate armour
rPois    .         Reflect  .   (helmet restricted)
rElec    .         Harm     .   (no cloak)
rCorr    .         Rampage  .   (no gloves)
Will     +++..     Clarity  +   A - +0 pair of boots
Stlth    ..........             (no amulet)
HPRegen  1.26/turn              j - +6 ring of strength
MPRegen  0.11/turn              p - ring of willpower

@: strong-willed, on berserk cooldown, regenerating, slowed, very slow
A: horns 2, retaliatory headbutt
a: Renounce Religion, Berserk, Trog's Hand, Brothers in Arms


You were on level 7 of the Dungeon.
You worshipped Trog.
Trog was greatly pleased with you.
You visited 1 branch of the dungeon, and saw 9 of its levels.

You collected 467 gold pieces.
You spent 168 gold pieces at shops.

Inventory:

Hand Weapons
 a - a +0 falchion
 v - the +8 autumn katana (weapon) {vorpal, Clar}
   (You found it on level 5 of the Dungeon)

   It inflicts extra damage upon your enemies.
   Clar:      It protects you against confusion.
Missiles
 B - 2 throwing nets (quivered)
Armour
 b - a +0 animal skin
 h - a +0 ring mail
 A - a +0 pair of boots (worn)
 H - a +0 plate armour (worn)
Jewellery
 i - an amulet of magic regeneration
 j - a +6 ring of strength (left hand)
 p - a ring of willpower (right hand)
Wands
 l - a wand of flame (28)
 C - a wand of iceblast (3)
 F - a wand of acid (11)
Scrolls
 c - 3 scrolls of magic mapping {unknown}
 e - 2 scrolls of amnesia {unknown}
 f - 6 scrolls of identify {unknown}
 n - a scroll of holy word {unknown}
 r - a scroll of brand weapon {unknown}
 w - a scroll of enchant weapon {unknown}
 y - 2 scrolls of fog {unknown}
 D - a scroll of enchant armour {unknown}
 G - a scroll of teleportation {unknown}
Potions
 d - 3 potions of berserk rage {unknown}
 g - a potion of heal wounds
 k - a potion of brilliance {unknown}
 m - 2 potions of ambrosia {unknown}
 o - 3 potions of attraction {unknown}
 q - a potion of haste {unknown}
 s - a potion of flight
 t - a potion of degeneration
 u - 2 potions of curing
 x - a potion of invisibility {unknown}
 z - a potion of might {unknown}
 E - 2 potions of magic {unknown}


   Skills:
 + Level 11.2 Fighting
 * Level 11.8 Long Blades
 - Level 6.0 Armour
 - Level 5.5 Dodging


You had 9 spell levels left.
You didn't know any spells.
Your spell library was empty.

Dungeon Overview and Level Annotations

Branches:
Dungeon (9/15)             Temple (0/1) D:7
   Lair: D:8-11         Orc: D:9-12

Altars:
Makhleb
Xom

Shops:
D:1 !   D:4 !

Portals:
Abyss: D:5

Annotations:
D:5 2 transporters, dianekeaton's ghost, novice MiBe
D:8 1 runed translucent door, exclusion: orange crystal statue


Innate Abilities, Weirdness & Mutations

You have a pair of horns on your head.
You reflexively headbutt those who attack you in melee.


Message History

The slime creature is moderately wounded.
The slime creature closely misses you.
You riposte.
You slash the slime creature! You headbutt the slime creature!!
The slime creature is almost dead.
Unknown command.
You slash the slime creature!
The slime creature is heavily wounded.
Two slime creatures merge to form a large slime creature.
Unknown command.
You feel a strong urge to attack something.
You are no longer berserk.
You are exhausted.
You feel yourself slow down.
Two slime creatures merge to form a very large slime creature.
A very large slime creature splits.
A large slime creature splits.
There is a stone staircase leading up here.
The slime creature barely misses you. x2; You furiously retaliate!
You headbutt the slime creature! The slime creature hits you!
* * * LOW HITPOINT WARNING * * *
The slime creature closely misses you. You furiously retaliate!
You headbutt the slime creature.
You climb upwards.
There is a stone staircase leading down here.
You slice the slime creature!!
You kill the slime creature!
Trog accepts your kill.
Two slime creatures merge to form a large slime creature.
Unknown command.
You feel much better. The large slime creature hits you!!
* * * LOW HITPOINT WARNING * * *
The large slime creature hits you but does no damage.
You hit the large slime creature.
The large slime creature is heavily wounded.
The large slime creature hits you but does no damage.
Unknown command.
Your skin crawls.
You feel strong-willed. The large slime creature hits you!!
You die...

#.# #.####### #.##
#.###>......# #...
#....######.#############
####.# #...)..........
#.# ####)......###. #.#
#.#####.##.# #(# ###.#
#.#.#. #.#######...#
#...[. #....@J.....#
#.#.##
#########.#.#####.##.#
###.......###. #########
##


You could see a large slime creature.

Vanquished Creatures
  2 slime creatures
  2 wyverns
  7 yaks
  An acid dragon (D:7)
  A water moccasin (D:6)
  3 ice beasts (D:8)
  A necrophage (D:5)
  3 centaurs
  2 ogres (D:5)
  3 phantoms
  A bullfrog (D:6)
  2 gnoll sergeants
  3 scorpions (D:5)
  A water moccasin zombie (D:5)
  4 killer bees
  2 water moccasin skeletons
  A centaur zombie (D:4)
  A bullfrog zombie (D:5)
  3 hounds
  4 jellies
  3 orc priests
  A gnoll shaman (D:7)
  2 iguanas
  An orc wizard (D:7)
  A centaur simulacrum (D:8)
  2 hound skeletons
  17 gnolls
  2 adders (D:6)
  A shadow imp (D:7)
  A white imp (D:8)
  2 ufetubi
  3 worms
  4 dart slugs
  17 orcs
  An endoplasm (D:1)
  4 giant cockroaches
  5 goblins
  9 hobgoblins
  4 jackals (D:1)
  A quokka (D:4)
  3 ball pythons
  A bat (D:1)
  3 frilled lizards
  4 kobolds
  4 rats
143 creatures vanquished.

Notes
Turn   | Place    | Note
-------+----------+-------------------------------------------
     0 | D:1      | hikkokomori the Minotaur Berserker began the quest for the
                  | Orb.
     0 | D:1      | Reached XP level 1. HP: 19/19 MP: 0/0
   128 | D:1      | Reached XP level 2. HP: 18/27 MP: 1/1
   674 | D:1      | Found Refoemez's Distillery.
  1370 | D:2      | Found a shimmering altar of Xom.
  1432 | D:2      | Reached XP level 3. HP: 32/33 MP: 2/2
  1854 | D:3      | Reached ** piety under Trog
  1994 | D:3      | Found a faded altar of an unknown god.
  2106 | D:3      | Reached XP level 4. HP: 33/41 MP: 3/3
  2679 | D:4      | Noticed a phantom
  2684 | D:4      | Killed a phantom
  2685 | D:4      | Reached skill level 5 in Fighting
  2685 | D:4      | Reached XP level 5. HP: 48/48 MP: 4/4
  3421 | D:4      | Found Kanupt's Distillery.
  3427 | D:4      | Reached XP level 6. HP: 52/57 MP: 5/5
  3461 | D:4      | Bought a potion of flight for 42 gold pieces
  3461 | D:4      | Bought a potion of heal wounds for 70 gold pieces
  3461 | D:4      | Bought a potion of degeneration for 14 gold pieces
  3461 | D:4      | Bought a potion of curing for 42 gold pieces
  3551 | D:5      | Entered Level 5 of the Dungeon
  3551 | D:5      | Found the +8 autumn katana {vorpal, Clar}
  3582 | D:5      | Reached skill level 5 in Long Blades
  3700 | D:5      | Found a transporter.
  3715 | D:5      | Found a one-way gate to the infinite horrors of the Abyss.
  3715 | D:5      | Noticed dianekeaton's ghost (novice MiBe)
  3715 | D:5      | Noticed a toenail golem
  3747 | D:5      | Noticed a small abomination
  3949 | D:5      | Reached XP level 7. HP: 50/64 MP: 6/6
  4165 | D:5      | Found a transporter.
  4302 | D:5      | Reached skill level 5 in Armour
  4404 | D:5      | Noticed a wyvern
  4404 | D:5      | Noticed a yak
  4408 | D:5      | Killed a wyvern
  4410 | D:5      | Reached skill level 5 in Dodging
  4412 | D:5      | Killed a yak
  4413 | D:5      | Reached XP level 8. HP: 74/74 MP: 7/7
  4850 | D:6      | Reached *** piety under Trog
  5843 | D:7      | Reached XP level 9. HP: 44/84 MP: 8/8
  6238 | D:7      | Found a burning altar of Makhleb.
  6428 | D:7      | Reached skill level 10 in Fighting
  6737 | D:7      | Found a staircase to the Ecumenical Temple.
  6850 | D:7      | Reached **** piety under Trog
  7005 | D:8      | Reached skill level 10 in Long Blades
  7375 | D:8      | Reached XP level 10. HP: 78/95 MP: 9/9
  7469 | D:8      | Found a runed translucent door.
  7474 | D:8      | Found the +10 tower shield of Ignorance {rN+ Int-4}
  7475 | D:8      | Noticed an orange crystal statue
  7580 | D:8      | HP: 4/95 [slime creature (10)]
  7586 | D:7      | Demolished by a large slime creature

Illustrated notes

Levels and vault maps discovered:
D:1:      mrwooster_arrival_statue, layout_basic, serial_shops, shop,
          serial_rivers, chequers_serial_rivers_micro_b,
          chequers_serial_rivers_micro_c, chequers_serial_rivers_room_a,
          chequers_serial_rivers_micro_c, chequers_serial_rivers_small_b,
          chequers_serial_rivers_small_b
D:2:      layout_rooms, basic_altar
D:3:      layout_basic, basic_ecumenical_altar
D:4:      layout_gridville, serial_shops, nicolae_shop_trees
D:5:      layout_cave_pods, gammafunk_ghost_abyssal_escape,
          minmay_divided_ellipse
D:6:      layout_loops_ring
D:7:      layout_loops_ring, mainiacjoe_overflow_surrounded_room,
          minmay_temple_entry_offerings
D:8:      layout_loops_ring, mainiacjoe_overflow_alcove_1, serial_ice,
          serial_ice_g, serial_ice_k, serial_ice_h, serial_ice_a, serial_ice_b,
          serial_ice_o, chequers_guarded_unrand_ignorance
D:9:      layout_basic, mainiacjoe_overflow_alcove_3, erik_lair_dragon

Skill      XL: |  1  2  3  4  5  6  7  8  9 |
---------------+----------------------------+-----
Fighting       | 4 5 6 8 9 11 | 11.2
Long Blades    | 4 5 6 8 11 | 11.8
Armour         | 3 4 5 6 |  6.0
Dodging        | 3 4 5 |  5.5

Action                   |  1- 3 |  4- 6 |  7- 9 | 10-12 || total
-------------------------+-------+-------+-------+-------++-------
Melee: Falchion          |    73 |    38 |       |       ||   111
       Headbutt          |    13 |    11 |    20 |     3 ||    47
       Katana            |       |     8 |   134 |    16 ||   158
Invok: Berserk           |     2 |     1 |     3 |     1 ||     7
       Trog's Hand       |       |       |       |     1 ||     1
  Use: Potion            |       |       |     1 |     1 ||     2
Armor: Animal skin       |    12 |       |       |       ||    12
       Ring mail         |     4 |    20 |    21 |       ||    45
       Plate armour      |       |       |    13 |     6 ||    19
Dodge: Dodged            |    42 |    29 |    82 |     7 ||   160
       Rpst.: Falchion   |     8 |     5 |       |       ||    13
       Katana            |       |     1 |    19 |     1 ||    21
